 Dungeon Crawl Stone Soup version 0.27-a0-1384-g1422d76b99 (webtiles) character file.

Game seed: 2249591035133914525

7798 Gwenloh the Covert (level 11, -18/50 HPs)
             Began as a Spriggan Enchanter on June 30, 2021.
             Was a Believer of Dithmenos.
             Killed by refrigeration
             ... invoked by Fannar
              (30 damage)
             ... on level 10 of the Dungeon.
             The game lasted 00:56:03 (16212 turns).

Gwenloh the Covert (Spriggan Enchanter)            Turns: 16212, Time: 00:56:04

Health: -18/50     AC:  4    Str:  4    XL:     11   Next: 1%
Magic:  10/18      EV: 25    Int: 16    God:    Dithmenos [**....]
Gold:   566        SH:  0    Dex: 20    Spells: 6/18 levels left

rFire    . . .     SeeInvis +   K - +1 rapier (elec)
rCold    . . .     Faith    .   (shield restricted)
rNeg     . . .     Spirit   .   k - +0 robe
rPois    .         Reflect  .   (helmet restricted)
rElec    .         Harm     .   Q - +1 cloak
rCorr    +         Rampage  .   (gloves unavailable)
Will     +....                  (boots unavailable)
Stlth    +++++++...             (no amulet)
HPRegen  0.16/turn              g - ring of wizardry
MPRegen  0.16/turn              m - ring of resist corrosion

@: wreathed by umbra, very quick
A: very small, no large weapons, unfitting armour, see invisible, speed 3
a: Renounce Religion, Shadow Step


You were on level 10 of the Dungeon.
You worshipped Dithmenos.
Dithmenos was pleased with you.
You visited 2 branches of the dungeon, and saw 12 of its levels.

You collected 566 gold pieces.

Inventory:

Hand Weapons
 b - a +1 vorpal shortbow
 D - a +4 short sword
 K - a +1 rapier of electrocution (weapon)
 S - a +5 shortbow of freezing
Missiles
 c - 244 stones
 o - 66 poisoned darts (quivered)
 t - 8 boomerangs of dispersal
 H - 3 throwing nets
 I - 17 curare-tipped darts
 L - 127 arrows
Armour
 k - a +0 robe (worn)
 F - a +0 buckler
 Q - a +1 cloak (worn)
Jewellery
 g - a ring of wizardry (left hand)
 m - a ring of resist corrosion (right hand)
Wands
 u - a wand of charming (14)
 B - a wand of acid (13)
 J - a wand of flame (16)
 O - a wand of mindburst (68)
 P - a wand of polymorph (19)
Scrolls
 a - 2 scrolls of fear {unknown}
 d - 11 scrolls of identify {unknown}
 f - 4 scrolls of enchant armour {unknown}
 l - 4 scrolls of teleportation {unknown}
 p - a scroll of blinking {unknown}
 q - a scroll of acquirement {unknown}
 r - 3 scrolls of amnesia {unknown}
 s - 4 scrolls of enchant weapon {unknown}
 x - a scroll of immolation {unknown}
 y - a scroll of brand weapon {unknown}
 E - 2 scrolls of summoning {unknown}
 M - 2 scrolls of magic mapping {unknown}
Potions
 e - 3 potions of brilliance {unknown}
 h - 8 potions of attraction {unknown}
 i - 4 potions of curing {unknown}
 j - 4 potions of heal wounds {unknown}
 n - 2 potions of resistance {unknown}
 v - 3 potions of degeneration {unknown}
 w - a potion of magic {unknown}
 z - 3 potions of berserk rage {unknown}
 A - a potion of haste
 C - a potion of might {unknown}
 G - a potion of lignification {unknown}
 N - a potion of cancellation {unknown}
 R - a potion of flight {unknown}


   Skills:
 - Level 1.7 Fighting
 + Level 7.3 Short Blades
 + Level 10.1 Dodging
 + Level 13.3 Stealth
 - Level 4.4 Spellcasting
 + Level 9.9 Hexes
 - Level 1.6 Ice Magic
 + Level 6.1 Invocations


You had 6 spell levels left.
You knew the following spells:

 Your Spells              Type           Power      Damage    Failure   Level
a - Ensorcelled Hibernat  Hex/Ice        44%        N/A       1%          2
b - Confusing Touch       Hex            35%        N/A       1%          3
c - Tukima's Dance        Hex            35%        N/A       1%          3
d - Dazzling Flash        Conj/Hex       38%        N/A       2%          3
e - Corona                Hex            38%        N/A       1%          1

Your spell library contained the following spells:

 Spells                   Type           Power      Damage    Failure   Level
 Summon Guardian Golem    Hex/Summ       19%        N/A       2%          3
 Summon Small Mammal      Summ           12%        N/A       6%          1
 Call Imp                 Summ           3%         N/A       10%         2
 Call Canine Familiar     Summ           3%         N/A       19%         3
 Summon Ice Beast         Ice/Summ       6%         N/A       41%         4
 Summon Lightning Spire   Summ/Air       3%         N/A       52%         4
 Bolt of Magma            Conj/Fire/Erth 1%         4d4       85%         5
 Iskenderun's Battlesphe  Conj           3%         2d6       85%         5
 Iron Shot                Conj/Erth      1%         9d1       100%        6
 Orb of Destruction       Conj           1%         N/A       100%        7
 Spellforged Servitor     Conj/Summ      1%         N/A       100%        7


Dungeon Overview and Level Annotations

Branches:
Dungeon (11/15)            Temple (1/1) D:5             Orc (0/2) D:11
   Lair: D:8-11

Altars:
Ashenzari
Cheibriados
Dithmenos
Elyvilon
Fedhas
Gozag
Hepliaklqana
Kikubaaqudgha
Makhleb
Nemelex Xobeh
Okawaru
Qazlal
Ru
Sif Muna
Trog
Uskayaw
Vehumet
Wu Jian
Xom
Yredelemnul
Zin
The Shining One

Shops:
D:1 *

Annotations:
D:4 2 transporters
D:6 sn0wgr3's ghost, novice MiFi
D:10 Fannar


Innate Abilities, Weirdness & Mutations

You are very small and have problems with some larger weapons.
You are too small for most types of armour.
You have supernaturally acute eyesight. (SInv)
You cover ground extremely quickly. (Speed+++)


Message History

You hit Fannar but do no damage.
Fannar is moderately wounded.
Fannar points at you and mumbles some strange words.
The bolt of cold misses you. The ice beast completely misses you.
You miss Fannar.
Fannar is moderately wounded.
Fannar barely misses you. The ice beast completely misses you.
You hit Fannar. Lightning courses through Fannar!!
Fannar is severely wounded.
Fannar closely misses you.
You closely miss Fannar.
Fannar is heavily wounded.
The ice beast barely misses you.
You hit Fannar but do no damage.
Fannar is heavily wounded.
Fannar hits you. The ice beast barely misses you.
You hit Fannar but do no damage.
Fannar is heavily wounded.
Fannar is no longer blind.
The ice beast is no longer blind.
Fannar completely misses you. The ice beast misses you.
You hit Fannar but do no damage. Lightning courses through Fannar!
Fannar is severely wounded.
Fannar hits you. The ice beast barely misses you.
You hit Fannar but do no damage.
Fannar is severely wounded.
The ice beast hits you. The ice beast freezes you. Fannar closely misses you.
You miss Fannar.
Fannar is severely wounded.
Fannar casts a spell at you. The bolt of cold hits you!!
* * * LOW HITPOINT WARNING * * *
The ice beast completely misses you.
You hit Fannar but do no damage. Lightning courses through Fannar!
Fannar is almost dead.
Casting: Dazzling Flash (dangerous; 2% risk of failure)
Confirm with . or Enter, or press ? or * to list all spells.
Fannar casts a spell.
Fannar drains the heat from the surrounding environment!
Ouch! That really hurt!
You die...

..# ###..## ##..............#
..#####.....## ##.............#
.#..#........## ##............#
###...........## ###........### #
##...........## ##......## ##
##...........## ###..### #### .#
#....[.......## ##..# ##..# .##
#..........Y.e# ##..#####....
..####..........@.###..).##......
...# #................#..........
...####............#####.........
....# ##............# #..........
....## #...........## #..........
.....# ##..........# #.)........
.....# ##........## #..........
.....## ##.......# ##..........
......# #:.....## #...........


You could see Fannar and an ice beast (summoned).

Vanquished Creatures
  A two-headed ogre (D:11)
  Maurice (D:10)
  2 unseen horrors
  A hornet (D:10)
  Grinder (D:5)
  3 wyverns
  2 steam dragons
  An acid dragon (D:10)
  An orc warrior (D:9)
  3 sky beasts (D:8)
  2 ice beasts (D:5)
  2 necrophages
  An ogre (D:4)
  3 centaurs
  10 kobold brigands
  2 bullfrogs
  A gnoll sergeant (D:10)
  4 scorpions
  A wyvern zombie (D:8)
  6 killer bees (D:11)
  5 wights (D:9)
  5 howler monkeys
  3 centaur zombies
  2 hounds
  A bullfrog skeleton (D:6)
  2 jellies
  A centaur skeleton (D:5)
  An orc priest (D:8)
  3 gnoll shamans
  3 iguanas
  Natasha (twice) (D:4)
  5 orc wizards
  A killer bee zombie (D:7)
  A hound skeleton (D:5)
  5 howler monkey zombies
  2 howler monkey skeletons (D:7)
  17 gnolls
  8 adders
  A white imp (D:8)
  A worm (D:3)
  A dart slug (D:3)
  21 orcs
  5 ball pythons
  7 bats
  11 endoplasms
  A giant cockroach (D:3)
  5 goblins
  5 hobgoblins
  13 jackals
  15 kobolds
  3 quokkas (D:1)
  3 rats
207 creatures vanquished.

Vanquished Creatures (collateral kills)
  A two-headed ogre (D:10)
  3 gnoll sergeants
  12 gnolls
16 creatures vanquished.

Vanquished Creatures (others)
  6 dancing weapons
  12 withered plants (D:7)
18 creatures vanquished.

Grand Total: 241 creatures vanquished

Notes
Turn   | Place    | Note
-------+----------+-------------------------------------------
     0 | D:1      | Gwenloh the Spriggan Enchanter began the quest for the Orb.
     0 | D:1      | Reached XP level 1. HP: 9/9 MP: 5/5
   752 | D:1      | Reached XP level 2. HP: 13/13 MP: 6/6
   833 | D:1      | Learned a level 2 spell: Ensorcelled Hibernation
  1005 | D:1      | Found Uwiliag's Assorted Antiques.
  1184 | D:1      | Reached XP level 3. HP: 16/16 MP: 5/8
  1326 | D:1      | Reached skill level 5 in Stealth
  1925 | D:1      | Learned a level 3 spell: Confusing Touch
  2080 | D:2      | Found a faded altar of an unknown god.
  2613 | D:2      | Reached XP level 4. HP: 21/21 MP: 6/9
  3391 | D:3      | Learned a level 3 spell: Tukima's Dance
  3939 | D:3      | Found a snail-covered altar of Cheibriados.
  4165 | D:3      | Noticed a scorpion
  4178 | D:3      | Reached XP level 5. HP: 25/25 MP: 6/10
  4246 | D:3      | Reached skill level 6 in Stealth
  4851 | D:4      | Found a transporter.
  4866 | D:4      | Found a transporter.
  4960 | D:4      | Noticed an ogre
  4967 | D:4      | Killed an ogre
  4968 | D:4      | Reached skill level 5 in Hexes
  4968 | D:4      | Reached skill level 1 in Ice Magic
  4968 | D:4      | Reached XP level 6. HP: 29/29 MP: 5/12
  5282 | D:4      | Reached skill level 7 in Stealth
  5680 | D:4      | Noticed Natasha
  5685 | D:4      | Killed Natasha
  5885 | D:5      | Entered Level 5 of the Dungeon
  5885 | D:5      | Noticed Grinder
  5901 | D:5      | Killed Grinder
  5902 | D:5      | Reached skill level 5 in Dodging
  5902 | D:5      | Reached skill level 8 in Stealth
  5902 | D:5      | Reached XP level 7. HP: 24/32 MP: 10/14
  6350 | D:5      | Reached skill level 1 in Fighting
  6531 | D:4      | Noticed Natasha
  6537 | D:4      | Killed Natasha
  6866 | D:5      | Reached skill level 9 in Stealth
  6940 | D:5      | Reached XP level 8. HP: 26/38 MP: 12/15
  6998 | D:5      | Found a staircase to the Ecumenical Temple.
  7455 | Temple   | Entered the Ecumenical Temple
  7659 | Temple   | Became a worshipper of Dithmenos the Shadowed
  7885 | D:6      | Reached skill level 10 in Stealth
  8003 | D:6      | Reached skill level 1 in Invocations
  8015 | D:6      | Found a runed translucent gate.
  8015 | D:6      | Found a runed translucent gate.
  8015 | D:6      | Found a runed translucent gate.
  8093 | D:5      | Learned a level 3 spell: Dazzling Flash
  8909 | D:6      | Noticed sn0wgr3's ghost (novice MiFi)
  9402 | D:6      | Reached XP level 9. HP: 29/42 MP: 8/16
  9636 | D:6      | Reached skill level 11 in Stealth
 10259 | D:7      | Found an iron altar of Okawaru.
 10259 | D:7      | Found a broken altar of Ashenzari.
 10259 | D:7      | Found a white marble altar of Elyvilon.
 10358 | D:7      | Reached * piety under Dithmenos
 10750 | D:7      | Found an ancient bone altar of Kikubaaqudgha.
 10759 | D:7      | Reached skill level 5 in Short Blades
 10802 | D:7      | Found a radiant altar of Vehumet.
 10802 | D:7      | Found an ornate altar of the Wu Jian Council.
 12603 | D:9      | Reached ** piety under Dithmenos
 12697 | D:9      | Reached skill level 12 in Stealth
 12844 | D:9      | Reached XP level 10. HP: 46/46 MP: 12/17
 13248 | D:9      | Upgraded the game from 0.27-a0-1378-gdefffd1ff6 to
                  | 0.27-a0-1384-g1422d76b99
 13605 | D:10     | Entered Level 10 of the Dungeon
 13627 | D:10     | Noticed a two-headed ogre
 13649 | D:10     | Killed a two-headed ogre
 13826 | D:10     | Noticed Maurice
 13833 | D:10     | Killed Maurice
 13834 | D:10     | Reached skill level 5 in Invocations
 14120 | D:10     | Noticed Fannar
 15090 | D:11     | Noticed a two-headed ogre
 15098 | D:11     | Killed a two-headed ogre
 15099 | D:11     | Reached skill level 13 in Stealth
 15124 | D:11     | Reached skill level 10 in Dodging
 15279 | D:11     | Found a staircase to the Orcish Mines.
 15446 | D:11     | Reached XP level 11. HP: 49/50 MP: 10/18
 16212 | D:10     | Killed from afar by Fannar

Illustrated notes

Levels and vault maps discovered:
D:1:      mrwooster_arrival_statue_2, layout_basic, serial_shops, shop_statue,
          serial_forest, infiniplex_forest_straight_4,
          infiniplex_forest_straight_4, infiniplex_forest_lined_3,
          infiniplex_forest_lined_room_2, infiniplex_forest_corner_1,
          infiniplex_forest_end_2, infiniplex_forest_lined_2, st_stairs_13
D:2:      wander_river, layout_basic, chequers_ecumenical_altar_simple_redux,
          chequers_avenue
D:3:      layout_rooms, kennysheep_slug_shrine
D:4:      gammafunk_steamed_eel, layout_basic, uniq_natasha
D:5:      layout_basic, minmay_temple_entry_proselytizer, uniq_grinder
D:6:      layout_cave_pools, gammafunk_ghost_nasty_kobolds
D:7:      layout_loops_corners, kiku_gazebo_garden_becter,
          gammafunk_temple_overflow_forgotten, gammafunk_temple_overflow_wave
D:8:      layout_gridville, grunt_ministairs_12
D:9:      layout_basic
D:10:     layout_cave_pods, uniq_fannar, uniq_maurice
D:11:     regret_index_harrowing_hell_hive, layout_cave_pools, erik_lair_island,
          david_orc_2
Temple:   regret_index_temple_generic_petals

Skill      XL: |  1  2  3  4  5  6  7  8  9 10 |
---------------+-------------------------------+-----
Dodging        | 3 4 5 7 8 10 | 10.1
Stealth        | 5 6 8 9 10 12 13 | 13.3
Spellcasting   | 3 4 |  4.4
Hexes          | 4 5 6 7 8 9 |  9.9
Short Blades   | 2 4 5 7 |  7.3
Ice Magic      | 1 |  1.6
Fighting       | 1 |  1.7
Invocations    | 2 4 6 |  6.1

Action                   |  1- 3 |  4- 6 |  7- 9 | 10-12 || total
-------------------------+-------+-------+-------+-------++-------
Melee: Dagger            |   104 |   108 |    64 |       ||   276
       Short sword       |       |       |    76 |       ||    76
       Rapier            |       |       |   130 |   136 ||   266
Throw: Stone             |     6 |       |       |       ||     6
       Dart              |       |     4 |     1 |     1 ||     6
       Throwing net      |       |     2 |       |       ||     2
 Cast: Corona            |     6 |     1 |       |       ||     7
       Ensorcelled Hiber |    24 |    52 |    41 |    13 ||   130
       Confusing Touch   |     1 |     6 |    28 |     7 ||    42
       Tukima's Dance    |       |     5 |     9 |    24 ||    38
       Dazzling Flash    |       |       |    14 |     6 ||    20
Invok: Shadow Step       |       |       |       |     1 ||     1
  Use: Potion            |       |       |       |     1 ||     1
 Stab: Sleeping          |    29 |    30 |    45 |    18 ||   122
       Distracted        |     3 |     1 |     4 |     2 ||    10
       Held in net/web   |       |     2 |       |       ||     2
       Confused          |       |     4 |    21 |     5 ||    30
       Invisible         |       |       |     5 |     4 ||     9
Armor: Robe              |    12 |     6 |     9 |     8 ||    35
Dodge: Dodged            |    92 |    69 |   233 |   153 ||   547

Table legend: (Time is in decaauts)
 A = Elapsed time spent in this place.
 B = Non-inter-level travel time spent in this place.
 C = Inter-level travel time spent in this place.
 D = Time resting spent in this place.
 E = Time spent auto-exploring this place.
 F = Levels seen in this place.
 G = Mean time per level.
                   A        B        C        D        E       F      G
               +--------+--------+--------+--------+--------+-----+--------+
         Total |  12710 |  12200 |    510 |   4164 |   5590 |  12 | 1059.2 |
       Dungeon |  12560 |  12080 |    480 |   4164 |   5473 |  11 | 1141.8 |
        Temple |    150 |    120 |     30 |      0 |    117 |   1 |  150.0 |
               +--------+--------+--------+--------+--------+-----+--------+

Top non-repeatable levels by time:
     D:1: 1497 daAuts
     D:5: 1466 daAuts
     D:3: 1309 daAuts
     D:6: 1270 daAuts
     D:9: 1262 daAuts
    D:10: 1253 daAuts
     D:4: 1239 daAuts
     D:7: 1016 daAuts
     D:2: 992 daAuts
     D:8: 941 daAuts
    D:11: 309 daAuts
  Temple: 150 daAuts
